 Dungeon Crawl Stone Soup version 0.17.2-1-ge4368a0 (webtiles) character file.

137 Goblin1989 the Insei (level 5, 7/41 HPs)
             Began as a Demonspawn Monk on Oct 15, 2016.
             Quit the game on level 3 of the Dungeon.
             The game lasted 00:04:44 (2135 turns).

Goblin1989 the Insei (Demonspawn Monk)              Turns: 2135, Time: 00:04:44

Health: 7/41       AC:  4    Str: 12    XL:     5   Next: 0%
Magic:  5/5        EV: 13    Int:  9    God:
Gold:   121        SH:  0    Dex: 16    Spells: 0 memorised, 4 levels left

rFire  . . .     SeeInvis .       - Unarmed
rCold  + . .     Clarity  .     a - +0 robe
rNeg   . . .     SustAt   .     (no shield)
rPois  .         Gourm    .     (helmet restricted)
rElec  .         Spirit   .     (no cloak)
rCorr  .         Warding  .     (no gloves)
rMut   .         Stasis   .     (no boots)
MR     .....                    (no amulet)
Stlth  ++........               t - -2 ring of intelligence (curse)
                                c - ring of protection from cold

@: not resistant to hostile enchantments, unstealthy
A: antennae 1, slimy green scales 1, rot immunity
a: no special abilities


You were on level 3 of the Dungeon.
You were very hungry.

You visited 1 branch of the dungeon, and saw 3 of its levels.

You collected 121 gold pieces.

Inventory:

Armour
 a - a +0 robe (worn)
 d - a +0 large shield
 p - a +0 pair of gloves
 s - a +0 helmet
Jewellery
 c - a ring of protection from cold (left hand)
 g - an uncursed ring of magical power
 n - an uncursed ring of fire
 t - a cursed -2 ring of intelligence (right hand)
Scrolls
 e - a scroll of noise {unknown}
 i - a scroll of identify {unknown}
 j - 2 scrolls of amnesia {unknown}
 l - a scroll of fear {unknown}
 m - 2 scrolls of random uselessness {unknown}
Potions
 h - a potion of might {unknown}
 k - 3 potions of heal wounds {unknown}
 o - a potion of lignification {unknown}
 q - a potion of magic {unknown}
 r - a potion of poison {unknown}
Comestibles
 b - 6 bread rations {@e1}
 f - a royal jelly


   Skills:
 - Level 3.0 Fighting
 - Level 2.6 Dodging
 - Level 1.7 Stealth
 + Level 5.7 Unarmed Combat


You had 4 spell levels left.
You didn't know any spells.

Dungeon Overview and Level Annotations

Branches:
Dungeon (3/15)

Altars:

Annotations:
D:2 exclusion: Sigmund, Sigmund


Innate Abilities, Weirdness & Mutations

You have a pair of small antennae on your head.
You are partially covered in slimy green scales (AC +2).
You are immune to rotting.


Message History

Terence hits you with a hand axe.
* * * LOW HITPOINT WARNING * * *
You take 2 damage, and have 6/35 hp.
You hit Terence but do no damage.
Terence is heavily wounded.
Terence hits you but does no damage.
You are feeling very hungry.
You hit Terence.
Terence is severely wounded.
Terence closely misses you.
You hit Terence.
Terence is almost dead.
Terence hits you but does no damage.
You hit Terence.
You kill Terence!
You have reached level 5!
Your demonic ancestry asserts itself...
A pair of antennae grows on your head!
MP restored: 5 Are you sure you want to abandon this character and quit the game? (Confirm with "yes".) ਜਜ ਜਜਜਜਜਜਜਜਜ

.ਜ ਜ...ਜਜ.. .ਜਜ
ਜਜਜ...ਜਜ.ਜ
..ਜਜਜਜਜਜ........ਜ
................ਜ
..ਜਜਜਜ ਜ........ਜ
ਜਜਜ ਜਜਜ...ਜਜ.ਜ
ਜ...ਜਜ.ਜਜਜਜਜਜਜ. ਜ
ਜਜ.ਜਜਜ.@)......
ਜਜ ਜ.ਜ ਜਜਜਜਜ...ਜਜ
.ਜਜ ਜਜਜਜ.ਜਜ ਜ.ਜ
..ਜਜ ਜਜ.....ਜ
...ਜਜਜਜ......ਜਜ
...∆.............
...ਜਜਜਜ......ਜਜਜਜ
..ਜਜ ਜ......ਜ .ਜਜ
ਜ.ਜ.ਜ..ਜ


There were no monsters in sight!

Vanquished Creatures
  Jessica (D:3)
  Terence (D:3)
  Robin (D:3)
  An adder (D:2)
  An ooze (D:2)
  A worm (D:2)
  2 giant geckos
  An orc (D:3)
  4 giant cockroaches
  8 hobgoblins
  9 bats
  3 giant newts
  12 goblins
  4 jackals (D:1)
  4 kobolds
  4 rats
57 creatures vanquished.

Notes
Turn   | Place    | Note
--------------------------------------------------------------
     0 | D:1      | Goblin1989 the Demonspawn Monk began the quest for the Orb.
     0 | D:1      | Reached XP level 1. HP: 18/18 MP: 1/1
    96 | D:1      | Reached skill level 4 in Unarmed Combat
    97 | D:1      | Gained mutation: You are immune to rotting. [demonic ancestry]
    97 | D:1      | Reached XP level 2. HP: 20/24 MP: 2/2
  1101 | D:2      | Gained mutation: You are partially covered in slimy green scales (AC +2). [demonic ancestry]
  1101 | D:2      | Reached XP level 3. HP: 29/29 MP: 3/3
  1544 | D:2      | Noticed Sigmund
  1559 | D:3      | Noticed Jessica
  1563 | D:3      | Killed Jessica
  1563 | D:3      | Reached skill level 5 in Unarmed Combat
  1563 | D:3      | Reached XP level 4. HP: 28/35 MP: 4/4
  1632 | D:3      | Noticed Robin
  1656 | D:3      | Killed Robin
  2098 | D:3      | Noticed Terence
  2134 | D:3      | Killed Terence
  2134 | D:3      | Gained mutation: You have a pair of small antennae on your head. [demonic ancestry]
  2134 | D:3      | Reached XP level 5. HP: 7/41 MP: 5/5
  2135 | D:3      | Quit the game

Action                   |  1- 3 |  4- 6 || total
-------------------------+-------+-------++-------
Melee: Unarmed           |   116 |    89 ||   205
 Stab: Sleeping          |     4 |     1 ||     5
  Eat: Chunk             |     1 |     2 ||     3

Vault maps used:
D:1:      enne_arrival_octagon_isle, kennysheep_pointless_box
D:2:      serial_forest, infiniplex_forest_lined_room_,
          infiniplex_forest_straight_4, infiniplex_forest_corner_2,
          infiniplex_forest_end_3, infiniplex_forest_3_way,
          infiniplex_forest_clump_large, first_bread, minmay_misc_feat_columns,
          uniq_sigmund
D:3:      uniq_jessica, uniq_terence, uniq_robin
